 Dungeon Crawl Stone Soup version 0.15-a0-734-g2b8d6ef (webtiles) character file.

13 4tharraofdagon the Ruffian (level 2, -2/25 HPs)
             Began as a Naga Transmuter on May 11, 2014.
             Slain by a giant newt (3 damage)
             ... on Level 1 of the Dungeon.
             The game lasted 00:01:18 (139 turns).

4tharraofdagon the Ruffian (Naga Transmuter)         Turns: 139, Time: 00:01:18

HP  -2/25        AC  1     Str 12      XL: 2   Next: 37%
MP   3/4         EV 10     Int 13      God:
Gold 16          SH  0     Dex 11      Spells:  1 memorised,  4 levels left

rFire  . . .     SeeInvis +       - Unarmed
rCold  . . .     Clarity  .     c - +0 robe
rNeg   . . .     Conserve .     (no shield)
rPois  +         rCorr    .     (helmet restricted)
rElec  .         rRot     .     (no cloak)
SustAb . .       Spirit   .     (no gloves)
rMut   .         Warding  .     (no barding)
Gourm  .         Stasis   .     (no amulet)
MR     .....                    (no ring)
                                e - cursed ring of loudness

@: appendage, short of breath, very slow, not resistant to hostile enchantments,
extremely unstealthy
A: spit poison, horns 2, see invisible, deformed body, poison resistance,
slowness 2
a: Spit Poison, End Transformation


You were on level 1 of the Dungeon.
You were not hungry.
You had grown temporary horns.
You visited 1 branch of the dungeon, and saw 1 of its levels.

You collected 16 gold pieces.

Inventory:

Missiles
 b - 12 arrows
Armour
 c - a +0 robe (worn)
Comestibles
 a - a bread ration
 g - a meat ration
Scrolls
 f - a scroll of random uselessness {unknown}
Jewellery
 e - a cursed ring of loudness (left hand)
Books
 d - a book of Changes

   Spells                             Type                      Level
   *Beastly Appendage                 Transmutation                1
   Sticks to Snakes                   Transmutation                2
   Spider Form                        Transmutation/Poison         3
   Ice Form                           Ice/Transmutation            4
   Blade Hands                        Transmutation                5


   Skills:
 + Level 1.0 Fighting
 + Level 1.6 Dodging
 * Level 3.2 Unarmed Combat
 + Level 2.2 Spellcasting
 + Level 2.4 Transmutations


You had 4 spell levels left.
You knew the following spells:

 Your Spells              Type           Power        Failure   Level  Hunger
a - Beastly Appendage     Trmt           #.....       12%         1    ##.....


Dungeon Overview and Level Annotations

Branches:
Dungeon (1/15)

Altars:


Innate Abilities, Weirdness & Mutations

You cannot wear boots.
You can spit poison.
You have supernaturally acute eyesight.
Armour fits poorly on your strangely shaped body.
Your system is resistant to poisons.
You cover ground very slowly.
You have a pair of horns on your head.


Message History

Unknown command.
You barely miss the giant newt. Your headbutt misses the giant newt.
The giant newt is moderately wounded.
The giant newt barely misses you.
You closely miss the giant newt.
The giant newt is moderately wounded.
The giant newt bites you but does no damage.
You barely miss the giant newt.
The giant newt is moderately wounded.
The giant newt closely misses you.
Use which ability? (? or * to list)
Press: ? - help, Shift-Dir - straight line, f/p - giant newt
Aim: a giant newt (moderately wounded)
The splash of poison misses the giant newt.
You feel slightly more hungry. The giant newt barely misses you.
You hit the giant newt but do no damage.
Your headbutt misses the giant newt.
The giant newt is moderately wounded.
The giant newt bites you.
You die...

# #. #. #. #.# #.#
#####.### #. #.......#
#..# #.....@##..#
#......l.###########
#......###.........#
#..................####
#......................
#......................
##..#####.....%....####
#.. ########.### #..
#%#


You could see a giant newt.

Vanquished Creatures
  A bat (D:1)
  A goblin (D:1)
  2 hobgoblins (D:1)
  A giant cockroach (D:1)
  2 giant geckos (D:1)
  A giant newt (D:1)
  3 kobolds (D:1)
  A rat (D:1)
12 creatures vanquished.

Notes
Turn   | Place    | Note
--------------------------------------------------------------
     0 | D:1      | 4tharraofdagon, the Naga Transmuter, began the quest for the Orb.
     0 | D:1      | Reached XP level 1. HP: 18/18 MP: 3/3
    51 | D:1      | Reached XP level 2. HP: 1/25 MP: 1/4
    62 | D:1      | HP: 1/25 [hobgoblin/club (1)]
   132 | D:1      | HP: 1/25 [giant newt (2)]
   139 | D:1      | Slain by a giant newt

Action                   || total
-------------------------++-------
Melee: Unarmed           ||    34
 Cast: Beastly Appendage ||     5
 Abil: Spit Poison       ||    11

Vault maps used:
D:1:      minmay_arrival_diagonal_passages, grunt_decor_clamped
